 Dungeon Crawl Stone Soup version 0.30-a0-55-g90e3122c3a (webtiles) character file.

Game seed: 17190662915350058570

213327 caedfb the Unseen (level 18, 0/92 HPs)
             Began as a Spriggan Enchanter on Sept 10, 2022.
             Was the Champion of Dithmenos.
             Slain by a black mamba (2 damage)
             ... led by a naga ritualist
             ... on level 1 of the Snake Pit.
             The game lasted 01:04:12 (29692 turns).

caedfb the Unseen (Spriggan Enchanter)             Turns: 29692, Time: 01:04:12

Health: 0/92       AC: 11    Str: 19    XL:     18   Next: 64%
Magic:  38/38      EV: 27    Int: 18    God:    Dithmenos [******]
Gold:   3632       SH:  4    Dex: 16    Spells: 27/48 levels left

rFire   . . .      SeeInvis +    Q - +9 quick blade
rCold   . . .      Faith    .    (no shield)
rNeg    . . .      Spirit   .    y - +2 steam dragon scales
rPois   +          Reflect  .    J - +2 hat
rElec   .          Harm     .    R - +1 cloak of the Swamp {rPois Str+3}
rCorr   .          Rampage  .    (gloves unavailable)
Will    +++..                    (boots unavailable) Stlth ***+++++++
                                 A - amulet of magic regeneration
HPRegen 0.25/turn                b - +4 ring of slaying
MPRegen 0.66/turn                L - +6 ring of strength

@: about to teleport, wreathed by umbra, studying Unarmed Combat, very quick
A: very small, no large weapons, unfitting armour, see invisible, speed 3,
hooves 1, large bone plates 1, poison resistance
a: Renounce Religion, Shadow Step, Shadow Form


You were on level 1 of the Snake Pit.
You worshipped Dithmenos.
Dithmenos was exalted by your worship.
You visited 5 branches of the dungeon, and saw 24 of its levels.
You also visited: Ossuary and Bailey.

You collected 4659 gold pieces.
You spent 1027 gold pieces at shops.

Inventory:

Hand Weapons
 I - the +4 dagger of Porel {vorpal, Str+3}
   (You found it on level 10 of the Dungeon)

   It inflicts extra damage upon your enemies.
   Str:       It affects your strength (+3).
 Q - a +9 quick blade (weapon)
Missiles
 C - 8 throwing nets (quivered)
Armour
 m - a scarf of resistance
 y - +2 steam dragon scales (worn)
 J - a +2 hat (worn)
 R - the +1 cloak of the Swamp (worn) {rPois Str+3}
   (You found it on level 4 of the Lair of Beasts)

   Str:       It affects your strength (+3).
   rPois:     It protects you from poison.
Jewellery
 b - a +4 ring of slaying (left hand)
 d - a +6 ring of dexterity
 o - a ring of flight
 A - an amulet of magic regeneration (around neck)
 L - a +6 ring of strength (right hand)
 N - a ring of fire
 S - a ring of fire
Wands
 i - a wand of digging (12)
 q - a wand of charming (22)
 r - a wand of mindburst (24)
 D - a wand of flame (35)
 H - a wand of polymorph (3)
 K - a wand of quicksilver (4)
 P - a wand of iceblast (10)
Scrolls
 f - 3 scrolls of vulnerability
 h - 6 scrolls of teleportation
 v - a scroll of poison
 B - a scroll of amnesia
 U - a scroll of butterflies
Potions
 c - a potion of invisibility
 e - 16 potions of curing
 g - 10 potions of haste
 j - 7 potions of lignification
 l - 3 potions of ambrosia
 n - 5 potions of resistance
 p - 4 potions of might
 s - 2 potions of mutation
 t - 3 potions of berserk rage
 u - 4 potions of magic
 w - 6 potions of cancellation
 x - 4 potions of attraction {unknown}
 z - 7 potions of brilliance
 F - 4 potions of degeneration {unknown}
 O - 3 potions of flight {unknown}
Miscellaneous
 G - a tin of tremorstones (1/2)
 M - a box of beasts
 T - a condenser vane


   Skills:
 + Level 9.3 Fighting
 - Level 12.3 Short Blades
 + Level 14.5 Dodging
 + Level 19.5 Stealth
 + Level 15.9 Spellcasting
 + Level 19.2 Hexes


You had 27 spell levels left.
You knew the following spells:

 Your Spells              Type           Power      Damage    Failure   Level
a - Ensorcelled Hibernat  Hex/Ice        98%        N/A       1%          2
b - Tukima's Dance        Hex            70%        N/A       0%          3
c - Dazzling Flash        Conj/Hex       98%        N/A       1%          3
d - Confusing Touch       Hex            70%        N/A       0%          3
e - Blink                 Tloc           28%        N/A       7%          2
f - Apportation           Tloc           28%        N/A       4%          1
g - Enfeeble              Hex            35%        N/A       1%          7

Your spell library contained the following spells:

 Spells                   Type           Power      Damage    Failure   Level
 Summon Guardian Golem    Hex/Summ       49%        N/A       1%          3
 Anguish                  Hex/Necr       24%        N/A       1%          4
 Yara's Violent Unravell  Hex/Tmut       24%        3d11      2%          5
 Freeze                   Ice            56%        1d7       4%          1
 Shock                    Conj/Air       56%        1d6       4%          1
 Summon Small Mammal      Summ           56%        N/A       4%          1
 Conjure Flame            Conj/Fire      14%        6-21      13%         3
 Frozen Ramparts          Ice            28%        1d5       13%         3
 Gell's Gravitas          Tloc           14%        N/A       13%         3
 Ignite Poison            Fire/Tmut/Pois 14%        N/A       13%         3
 Lesser Beckoning         Tloc           14%        N/A       13%         3
 Swiftness                Air            14%        N/A       13%         3
 Teleport Other           Tloc           14%        N/A       13%         3
 Airstrike                Air            7%         2d(1-17)  41%         4
 Hailstorm                Conj/Ice       14%        3d5       41%         4
 Passage of Golubria      Tloc           14%        N/A       41%         4
 Sticky Flame             Conj/Fire      14%        2d4       41%         4
 Alistair's Intoxication  Tmut/Pois      9%         N/A       77%         5
 Borgnjor's Vile Clutch   Necr/Erth      7%         N/A       77%         5
 Fireball                 Conj/Fire      7%         3d5       77%         5
 Iskenderun's Battlesphe  Conj           14%        2d7       77%         5
 Manifold Assault         Tloc           14%        N/A       77%         5
 Conjure Ball Lightning   Conj/Air       7%         3x3d6     100%        6
 Eringya's Noxious Bog    Tmut/Pois      7%         N/A       100%        6
 Starburst                Conj/Fire      7%         6d4       100%        6
 Orb of Destruction       Conj           7%         9d6       100%        7
 Spellforged Servitor     Conj/Summ      7%         N/A       100%        7
 Ignition                 Fire           7%         3d4       100%        8


Dungeon Overview and Level Annotations

Branches:
Dungeon (15/15)            Temple (1/1) D:5            Lair (5/5) D:8
  Swamp (0/4) Lair:2        Snake (1/4) Lair:3        Slime (0/5) Lair:4
    Orc (2/2) D:10            Elf (0/3) Orc:2        Vaults (0/5) D:13
 Depths (0/4) D:15        Ossuary (visited)          Bailey (visited)

Altars:
Ashenzari
Cheibriados
Dithmenos
Elyvilon
Fedhas
Gozag
Hepliaklqana
Kikubaaqudgha
Makhleb
Nemelex Xobeh
Okawaru
Qazlal
Ru
Sif Muna
Trog
Uskayaw
Vehumet
Wu Jian
Xom
Yredelemnul
Zin
The Shining One
Jiyva

Shops:
Orc:1 !   Orc:2 *([*:

Annotations:
D:9 2 transporters, Bikalo's ghost, novice SpAM
D:11 exclusion: 2 doors


Innate Abilities, Weirdness & Mutations

You are very small and have problems with some larger weapons.
You are too small for most types of armour.
You have supernaturally acute eyesight. (SInv)
You cover ground extremely quickly. (Speed+++)
You have large cloven feet.
You are partially covered in large bone plates. (SH +4)
Your system is resistant to poisons. (rPois)


Message History

The black mamba completely misses you. The black mamba misses you.
A naga sharpshooter comes into view.
It is wielding a +1 war axe of freezing.
The naga sharpshooter spits poison at you.
The splash of poison hits you but does no damage.
You are poisoned.
You resist.
The naga ritualist prays to its god.
The naga ritualist begins to radiate toxic energy.
Unknown command.
Unknown command.
The black mamba attacks as you move away!
The black mamba bites you!
* * * LOW HITPOINT WARNING * * *
The black mamba attacks as you move away!
The black mamba bites you!
* * * LOW HITPOINT WARNING * * *
You are lethally poisoned!
The black mamba poisons you!
* * * LOW HITPOINT WARNING * * *
You feel very sick.
* * * LOW HITPOINT WARNING * * *
A black mamba comes into view.
You feel better.
A black mamba comes into view.
The black mamba completely misses you.
The naga sharpshooter mumbles some strange words.
The naga sharpshooter magically shoots an arrow.
The arrow hits you!
* * * LOW HITPOINT WARNING * * *
The mana viper completely misses you. You block the black mamba's attack.
The black mamba bites you.
* * * LOW HITPOINT WARNING * * *
The black mamba moves out of view.
You hear an angry hiss. x2
Unknown command.
As you read the scroll of teleportation, it crumbles to dust.
You feel strangely unstable.
* * * LOW HITPOINT WARNING * * *
The black mamba bites you.
You die...

....#..$..#.....#:.............§.
.......#.....#.....#....N....##§§
...###.#.###.#.###N#.###..... ..§
#......#)....#.....#.........####
............§S.§§....N. ...
.........[..§§S§§..... ...
###..##..)...§N#..#...
#####.....§§SSS###...
######..SS@# ...S ###).)..#
##########........
.##...#...)..##....
..†...N)....####....
†..###....### #....# #### ######
#..... ##.....


You could see a naga sharpshooter (catching breath), a naga ritualist (toxic
aura), 3 mana vipers and 3 black mambas.

Vanquished Creatures
  A dire elephant (Lair:5)
  Josephine (D:14)
  Harold (Lair:2)
  7 hydras
  Erolcha (D:13)
  5 centaur warriors
  4 boulder beetles
  3 anacondas (Snake:1)
  7 two-headed ogres
  A catoblepas (Lair:5)
  2 dancing weapons (D:13)
  A deep troll shaman (Lair:5)
  A tengu warrior (D:15)
  15 death yaks (Lair:5)
  3 orc high priests (Orc:2)
  A fire crab (Lair:4)
  Amaemon (Lair:2)
  5 skeletal warriors (D:14)
  A fire crab (shapeshifter) (D:13)
  A salamander mystic (Snake:1)
  A necromancer (D:15)
  A lindwurm (Lair:3)
  5 orc knights
  Pikel (D:5)
  4 deep elf pyromancers
  6 orc sorcerers
  11 ugly things
  10 elephants (Lair:5)
  2 manticores
  8 cyclopes
  A centaur zombie (D:15)
  9 black mambas
  3 salamanders (Snake:1)
  2 centaur skeletons (D:15)
  A guardian serpent (Snake:1)
  A guardian serpent (shapeshifter) (D:9)
  6 naga magi
  3 unseen horrors
  An orange demon (Lair:2)
  9 cane toads
  2 gargoyles
  6 komodo dragons
  An efreet (D:15)
  13 rime drakes
  2 kobold demonologists
  10 trolls
  6 polar bears
  3 meliai (D:13)
  14 blink frogs
  5 hornets
  15 dream sheep
  7 slime creatures
  A vampire (D:11)
  A wyvern (shapeshifter) (D:13)
  38 yaks
  A yak (shapeshifter) (D:9)
  11 wyverns
  4 shadows
  9 steam dragons
  5 wraiths
  4 basilisks
  6 vampire mosquitoes
  Menkaure (D:5)
  9 nagas (Snake:1)
  2 acid dragons
  A warg (Orc:1)
  9 water moccasins
  3 black bears
  25 orc warriors
  2 ice beasts
  2 sky beasts
  6 ogres
  24 wolves
  9 centaurs
  A phantom (D:5)
  3 kobold brigands
  11 bullfrogs
  A gnoll sergeant (D:9)
  2 necrophages (D:6)
  4 scorpions
  2 water moccasin zombies (Ossuary)
  3 wights (D:8)
  4 killer bees (D:8)
  12 howler monkeys
  A crimson imp (D:7)
  5 jellies
  2 hounds
  2 gnoll boudas
  18 orc priests
  An iguana (D:7)
  39 orc wizards
  6 hell rats (Lair:5)
  2 boggart skeletons (D:15)
  2 mummies (Ossuary)
  13 gnolls
  7 adders
  2 shadow imps (D:5)
  An ufetubus (D:6)
  5 adder zombies (Ossuary)
  3 worms
  2 dart slugs
  104 orcs
  4 bats
  10 endoplasms
  4 giant cockroaches
  2 gnoll zombies (Ossuary)
  9 goblins
  3 hobgoblins
  3 jackals
  2 quokkas
  10 ball pythons
  5 frilled lizards
  5 hobgoblin zombies (Ossuary)
  13 kobolds
  4 kobold zombies (Ossuary)
  9 orc zombies (Ossuary)
745 creatures vanquished.

Vanquished Creatures (collateral kills)
  A naga sharpshooter (Snake:1)
  A deep elf pyromancer (D:12)
  A salamander (Snake:1)
  A cyclops (Orc:2)
  A naga mage (Snake:1)
  Maggie (D:7)
  A naga (Lair:3)
  An orc warrior (D:7)
  A centaur (D:15)
  Crazy Yiuf (D:5)
  A gnoll (Bailey)
  A white imp (D:8)
  5 orcs
  2 kobolds (D:9)
19 creatures vanquished.

Vanquished Creatures (others)
  10 dancing weapons
  An orc warrior (Orc:2)
  A killer bee zombie (D:8)
  An orc (D:10)
  46 fungi
  55 plants
114 creatures vanquished.

Grand Total: 878 creatures vanquished

Notes
Turn   | Place    | Note
-------+----------+-------------------------------------------
     0 | D:1      | caedfb the Spriggan Enchanter began the quest for the Orb.
     0 | D:1      | Reached XP level 1. HP: 9/9 MP: 5/5
   303 | D:1      | Reached XP level 2. HP: 13/13 MP: 7/7
   306 | D:1      | Learned a level 2 spell: Ensorcelled Hibernation
  1572 | D:2      | Reached XP level 3. HP: 16/16 MP: 3/9
  1576 | D:2      | Learned a level 3 spell: Tukima's Dance
  1580 | D:2      | Learned a level 3 spell: Confusing Touch
  1913 | D:2      | You fall into a shaft and drop 2 floors!
  2212 | D:4      | Reached XP level 4. HP: 21/21 MP: 11/11
  2276 | D:3      | Reached skill level 5 in Hexes
  2878 | D:2      | Found a faded altar of an unknown god.
  3478 | D:3      | Reached skill level 5 in Spellcasting
  3478 | D:3      | Reached XP level 5. HP: 16/24 MP: 11/13
  3815 | D:4      | Learned a level 3 spell: Dazzling Flash
  3818 | D:4      | Learned a level 2 spell: Blink
  3822 | D:3      | Learned a level 1 spell: Apportation
  4237 | D:4      | Reached skill level 5 in Stealth
  4534 | D:5      | Entered Level 5 of the Dungeon
  4548 | D:5      | Identified a scroll of acquirement
  4548 | D:5      | Acquired 729 gold pieces
  4642 | D:5      | Noticed a phantom
  4649 | D:5      | Reached XP level 6. HP: 22/28 MP: 11/15
  4737 | D:5      | Found a glowing golden altar of the Shining One.
  4740 | D:5      | Found a sacrificial altar of Ru.
  4889 | D:5      | Noticed Pikel
  4906 | D:5      | Killed Pikel
  4907 | D:5      | Reached XP level 7. HP: 17/32 MP: 2/18
  5100 | D:5      | Noticed Menkaure
  5109 | D:5      | Killed Menkaure
  5469 | D:5      | Found a staircase to the Ecumenical Temple.
  5481 | Temple   | Entered the Ecumenical Temple
  5612 | Temple   | Became a worshipper of Dithmenos the Shadowed
  6128 | D:5      | Found a runed translucent door.
  6129 | D:5      | Noticed Crazy Yiuf
  6750 | D:5      | Killed Crazy Yiuf
  6847 | D:6      | Found a sand-covered staircase.
  6854 | Ossuary  | Entered an ossuary
  6889 | Ossuary  | Reached XP level 8. HP: 31/36 MP: 20/20
  7060 | Ossuary  | Reached * piety under Dithmenos
  7347 | D:6      | Gained mutation: Your body sometimes deteriorates upon
                  | taking damage. [potion of mutation]
  7348 | D:6      | Lost mutation: Your body sometimes deteriorates upon taking
                  | damage. [potion of mutation]
  7348 | D:6      | Gained mutation: Your spells are a little easier to cast,
                  | but a little less powerful. [potion of mutation]
  7349 | D:6      | Lost mutation: Your spells are a little easier to cast, but
                  | a little less powerful. [potion of mutation]
  7349 | D:6      | Gained mutation: You have large cloven feet. [potion of
                  | mutation]
  7349 | D:6      | Gained mutation: Your system is resistant to poisons.
                  | (rPois) [potion of mutation]
  7349 | D:6      | Gained mutation: You are partially covered in large bone
                  | plates. (SH +4) [potion of mutation]
  7519 | D:6      | Found a white marble altar of Elyvilon.
  8188 | D:7      | Noticed Maggie
  8200 | D:7      | Killed Maggie
  8201 | D:7      | Reached skill level 10 in Stealth
  8257 | D:7      | Reached XP level 9. HP: 24/39 MP: 15/22
  8378 | D:7      | Reached ** piety under Dithmenos
  8408 | D:7      | Found a burning altar of Makhleb.
  8530 | D:7      | Found a flagged portal.
  8545 | Bailey   | Entered a bailey
  9281 | D:7      | Reached *** piety under Dithmenos
  9389 | D:7      | Found a radiant altar of Vehumet.
  9389 | D:7      | Found an ancient bone altar of Kikubaaqudgha.
  9392 | D:7      | Found a shimmering blue altar of Sif Muna.
  9397 | D:7      | Reached skill level 5 in Short Blades
  9402 | D:7      | Got Sif Muna's Directory of Leadership
  9465 | D:7      | Found a sparkling altar of Nemelex Xobeh.
  9584 | D:7      | Found a hazy altar of Hepliaklqana.
  9786 | D:8      | Found a staircase to the Lair.
  9977 | D:8      | Found a glowing silver altar of Zin.
  9994 | D:8      | Noticed an unseen horror
  9999 | D:8      | Killed an unseen horror
 10005 | D:8      | Found an opulent altar of Gozag.
 10114 | D:8      | Learned a level 7 spell: Enfeeble
 10160 | D:8      | Reached XP level 10. HP: 21/44 MP: 17/24
 10836 | D:8      | Reached skill level 10 in Short Blades
 11071 | D:8      | Acquired 664 gold pieces
 11078 | D:8      | Acquired 414 gold pieces
 11232 | D:8      | Reached skill level 1 in Fighting
 11382 | D:8      | Reached skill level 10 in Hexes
 11691 | D:9      | Reached **** piety under Dithmenos
 11878 | D:9      | Noticed a two-headed ogre
 11892 | D:9      | Killed a two-headed ogre
 11893 | D:9      | Reached skill level 10 in Spellcasting
 11893 | D:9      | Reached XP level 11. HP: 32/50 MP: 20/26
 11934 | D:9      | Noticed a two-headed ogre
 12109 | D:9      | Noticed a red ugly thing
 12114 | D:9      | Noticed a boulder beetle
 12115 | D:9      | Noticed a centaur warrior
 12122 | D:9      | Killed a red ugly thing
 12123 | D:9      | Reached skill level 5 in Dodging
 12130 | D:9      | Killed a boulder beetle
 12132 | D:9      | Killed a centaur warrior
 12215 | D:9      | Killed a two-headed ogre
 12322 | D:9      | Found a transporter.
 12334 | D:9      | Found a transporter.
 12335 | D:9      | Noticed a centaur warrior
 12371 | D:9      | Noticed Bikalo's ghost (novice SpAM)
 12374 | D:9      | Noticed a two-headed ogre
 12744 | D:10     | Entered Level 10 of the Dungeon
 12866 | D:10     | Noticed a two-headed ogre
 12873 | D:10     | Killed a two-headed ogre
 12901 | D:10     | Identified the +4 dagger of Porel {vorpal, Str+3}
 13072 | D:10     | Reached ***** piety under Dithmenos
 13099 | D:10     | Found a staircase to the Orcish Mines.
 13323 | D:10     | Reached XP level 12. HP: 50/58 MP: 13/28
 14372 | D:12     | Noticed a two-headed ogre
 14379 | D:12     | Killed a two-headed ogre
 14506 | D:12     | Noticed a two-headed ogre
 14512 | D:12     | Killed a two-headed ogre
 14548 | D:12     | Noticed a two-headed ogre
 14560 | D:12     | Killed a two-headed ogre
 14617 | D:12     | Reached skill level 5 in Fighting
 15098 | D:13     | Noticed a centaur warrior
 15107 | D:12     | Killed a centaur warrior
 15220 | Lair:1   | Entered Level 1 of the Lair of Beasts
 15583 | Lair:1   | Noticed a six-headed hydra
 15609 | Lair:1   | Killed a six-headed hydra
 16128 | Lair:2   | Reached XP level 13. HP: 64/64 MP: 30/30
 16284 | Lair:2   | Found a staircase to the Swamp.
 16381 | Lair:2   | Noticed Amaemon
 16383 | Lair:2   | Killed Amaemon
 16407 | Lair:2   | Reached skill level 15 in Stealth
 16488 | Lair:2   | Identified the +5 ring mail "Guleorac" {rF+ rN++ Will+
                  | Int-2}
 16701 | Lair:2   | Noticed Harold
 16703 | Lair:2   | Killed Harold
 17170 | Lair:3   | Acquired a +6 quick blade
 17606 | Lair:3   | Found a staircase to the Snake Pit.
 17838 | Lair:3   | Reached skill level 10 in Dodging
 18673 | Lair:4   | Reached ****** piety under Dithmenos
 18846 | Lair:4   | Identified the +1 cloak of the Swamp {rPois Str+3}
 18911 | Lair:4   | Found a viscous altar of Jiyva.
 18911 | Lair:4   | Found a staircase to the Slime Pits.
 19511 | Lair:5   | Entered Level 5 of the Lair of Beasts
 19781 | Lair:5   | Reached XP level 14. HP: 53/70 MP: 32/32
 21064 | Lair:5   | Reached skill level 15 in Hexes
 22238 | Lair:5   | Identified the +4 pearl dragon scales of Rachoi {rN+ Str+2}
 22550 | D:13     | Found a gate to the Vaults.
 22908 | D:13     | Noticed Erolcha
 22910 | D:13     | Killed Erolcha
 23547 | D:14     | Reached XP level 15. HP: 77/77 MP: 32/34
 23559 | D:14     | Reached XP level 16. HP: 72/81 MP: 24/35
 23560 | D:14     | Reached XP level 17. HP: 76/85 MP: 24/36
 23561 | D:14     | Reached XP level 18. HP: 81/90 MP: 25/37
 23669 | D:14     | Found a sparkling altar of Nemelex Xobeh.
 23801 | D:14     | Noticed Josephine
 23803 | D:14     | Killed Josephine
 24031 | D:14     | Reached skill level 15 in Spellcasting
 24491 | Orc:1    | Entered Level 1 of the Orcish Mines
 24799 | Orc:1    | Found a radiant altar of Vehumet.
 24871 | Orc:1    | Found Zurepp's Distillery.
 24980 | Orc:1    | Bought a potion of heal wounds for 65 gold pieces
 24980 | Orc:1    | Bought a potion of lignification for 39 gold pieces
 24980 | Orc:1    | Bought a potion of heal wounds for 65 gold pieces
 24980 | Orc:1    | Bought a potion of resistance for 130 gold pieces
 24980 | Orc:1    | Bought a potion of berserk rage for 65 gold pieces
 24980 | Orc:1    | Bought a potion of curing for 39 gold pieces
 24980 | Orc:1    | Bought a potion of brilliance for 52 gold pieces
 25404 | Orc:2    | Entered Level 2 of the Orcish Mines
 25717 | Orc:2    | Found a staircase to the Elven Halls.
 26304 | Orc:2    | Found Jizab's General Store.
 26312 | Orc:2    | Bought 2 potions of curing for 66 gold pieces
 26312 | Orc:2    | Bought a scroll of enchant weapon for 82 gold pieces
 26366 | Orc:2    | Found Wyoseg's Antique Weapon Shop.
 26403 | Orc:2    | Found Fatuc's General Store.
 26411 | Orc:2    | Found Gumueqoq's Book Emporium.
 26450 | Orc:2    | Bought a potion of mutation for 112 gold pieces
 26450 | Orc:2    | Bought a scroll of vulnerability for 56 gold pieces
 26452 | Orc:2    | Found Cuvi Tio's Armour Shop.
 26461 | Orc:2    | Bought a +2 hat for 256 gold pieces
 26925 | D:15     | Entered Level 15 of the Dungeon
 26948 | D:15     | Found a staircase to the Depths.
 27070 | D:15     | Identified the +5 dagger of the Holding Queen {vorpal,
                  | Str+3}
 28135 | Snake:1  | Entered Level 1 of the Snake Pit
 29688 | Snake:1  | HP: 3/92 [naga sharpshooter/arrow (12)]
 29692 | Snake:1  | Slain by a black mamba

Illustrated notes

Levels and vault maps discovered:
D:1:      nzn_arrival_depleted_hourglass, layout_basic, minmay_tetromino_l4
D:2:      layout_loops_corners, shapermc_ecumenical_altar_venn
D:3:      layout_loops_corners, hangedman_decor_growths
D:4:      layout_basic
D:5:      layout_layer_cave, chequers_temple_overflow_statue_of_worship,
          temple_fountains, uniq_crazy_yiuf_cottage, uniq_pikel, uniq_menkaure
D:6:      layout_gridville, elyvilon_altar_4,
          lightli_ossuary_entry_decrepit_ruins
D:7:      layout_rooms, grunt_temple_overflow_magic_moments,
          makhleb_grotto_becter, mainiacjoe_overflow_swirl, enter_bailey_5,
          grunt_decor_mini_mirrors, grunt_ministairs_15,
          nicolae_elevator_lobby_plus, uniq_maggie
D:8:      minmay_polygon_palace, layout_basic,
          pdpol_temple_overflow_zin_treasury_gozag_greed,
          due_lair_maze_entry_diamond, glass_columns_b, serial_bayou_crossing
D:9:      minmay_the_grid_triangle_9x9_rhombus_thin_mashed
          [minmay_the_grid_triangle_9x9_pentomino_pain,
          minmay_the_grid_triangle_9x9_prize_top_heavy,
          minmay_the_grid_triangle_9x9_dagger,
          minmay_the_grid_triangle_9x9_impossible_snake], layout_irregular_city,
          nzn_ghost_randoct
D:10:     layout_cave_pools, hiddenorc2_lemuel
D:11:     layout_basic, portal_ice_cave_demonic_guard
D:12:     layout_cave_pools, nicolae_kite_square_tiling_tiny
D:13:     layout_irregular_city, erik_vaults_1, serial_column_ruins,
          column_ruins_grid_1, column_ruins_columns_straight,
          column_ruins_open_tiny, column_ruins_grid_1, column_ruins_open_tiny,
          uniq_erolcha
D:14:     layout_rooms, nemelex_lonely_heart_becter, uniq_josephine
D:15:     grunt_enter_depths_magical_seal, layout_rooms, minmay_misc_feat_doors
Temple:   chequers_temple_sunken
Lair:1:   layout_cave_pods, beast_lair_carwin_1, lemuel_fruit_fields
Lair:2:   layout_regular_city, swamp_mist, bobbens_dragon_lair_wall,
          grunt_megastairs_1, uniq_harold, uniq_amaemon
Lair:3:   layout_long_grid, guppyfry_snake_entry_island
Lair:4:   layout_cave_pods, slime_entry_1
Lair:5:   grunt_lair_end_beastmaster, layout_big_grid, nicolae_lair_lil_pond,
          grunt_megastairs_3, infiniplex_staircase_pool
Snake:1:  hangedman_cross_stitches, layout_grid_shapes, serial_shops, shop,
          serial_bayou_shore_b
Orc:1:    layout_diamond_mine, serial_shops, nicolae_shop_behind_doors,
          basic_altar, mines2_david
Orc:2:    st_orc_elflike, layout_caves, serial_shops, shop,
          nicolae_orc_pool_cavern

Skill      XL: |  1  2  3  4  5  6  7  8  9 10 11 12 13 14 15 16 17 18 |
---------------+-------------------------------------------------------+-----
Spellcasting   | 3 4 5 6 7 8 9 10 11 12 13 14 15 | 15.9
Hexes          | 4 5 6 7 9 10 11 12 14 16 17 18 19 | 19.2
Stealth        | 5 7 8 10 11 13 14 16 17 18 19 | 19.5
Short Blades   | 8 10 11 12 | 12.3
Dodging        | 4 7 9 10 12 13 14 | 14.5
Fighting       | 2 4 5 6 7 8 9 |  9.3

Action                   |  1- 3 |  4- 6 |  7- 9 | 10-12 | 13-15 | 16-18 || total
-------------------------+-------+-------+-------+-------+-------+-------++-------
Melee: Dagger            |    75 |   123 |   324 |   430 |    31 |       ||   983
       Punch             |     1 |     2 |     3 |     4 |     6 |    14 ||    30
       Kick              |       |       |    61 |   116 |   206 |   239 ||   622
       Quick blade       |       |       |       |       |   596 |   624 ||  1220
 Cast: Ensorcelled Hiber |     4 |     5 |    23 |   106 |    99 |    69 ||   306
       Tukima's Dance    |       |     3 |     9 |    14 |     1 |    29 ||    56
       Confusing Touch   |       |     2 |     3 |     3 |     7 |     5 ||    20
       Dazzling Flash    |       |       |       |       |    23 |       ||    23
Invok: Shadow Step       |       |       |       |     2 |     7 |     5 ||    14
Evoke: Wand              |       |       |       |       |     3 |       ||     3
       Tin of tremorston |       |       |       |       |       |     2 ||     2
       Condenser vane    |       |       |       |       |       |     1 ||     1
  Use: Scroll            |     7 |     8 |     4 |     9 |     8 |     8 ||    44
       Potion            |       |       |     5 |     2 |     9 |    11 ||    27
 Stab: Sleeping          |    12 |    18 |    52 |   110 |   108 |    74 ||   374
       Confused          |       |     3 |     3 |     4 |     7 |     9 ||    26
       Paralysed         |       |       |     2 |       |       |       ||     2
       Distracted        |       |       |     1 |     3 |     1 |     4 ||     9
       Petrified         |       |       |     1 |       |       |       ||     1
       Invisible         |       |       |       |       |    37 |     8 ||    45
Armor: Robe              |     3 |    18 |    24 |       |       |       ||    45
       Steam dragon scal |       |       |    21 |    39 |    22 |    55 ||   137
Dodge: Dodged            |    41 |   100 |   248 |   228 |   326 |   469 ||  1412
Block: Other             |       |       |    34 |    59 |    60 |    62 ||   215

Table legend: (Time is in decaauts)
 A = Elapsed time spent in this place.
 B = Non-inter-level travel time spent in this place.
 C = Inter-level travel time spent in this place.
 D = Time resting spent in this place.
 E = Time spent auto-exploring this place.
 F = Levels seen in this place.
 G = Mean time per level.
                   A        B        C        D        E       F      G
               +--------+--------+--------+--------+--------+-----+--------+
         Total |  21850 |  20912 |    938 |   1653 |  15401 |  26 |  840.4 |
       Dungeon |  12460 |  11906 |    554 |    799 |   8900 |  15 |  830.7 |
        Temple |    335 |    322 |     13 |      0 |    312 |   1 |  335.0 |
          Lair |   5247 |   4919 |    328 |    387 |   3638 |   5 | 1049.4 |
     Snake Pit |   1329 |   1329 |      0 |    457 |    619 |   1 | 1329.0 |
  Orcish Mines |   1655 |   1614 |     41 |      0 |   1367 |   2 |  827.5 |
       Ossuary |    347 |    347 |      0 |      0 |    205 |   1 |  347.0 |
        Bailey |    474 |    474 |      0 |      9 |    357 |   1 |  474.0 |
               +--------+--------+--------+--------+--------+-----+--------+

Top non-repeatable levels by time:
  Lair:5: 2001 daAuts
     D:8: 1471 daAuts
 Snake:1: 1329 daAuts
     D:5: 1292 daAuts
     D:2: 1084 daAuts
  Lair:3: 907 daAuts
  Lair:4: 882 daAuts
   Orc:1: 836 daAuts
    D:13: 826 daAuts
     D:9: 820 daAuts
   Orc:2: 819 daAuts
     D:4: 807 daAuts
  Lair:2: 803 daAuts
    D:15: 791 daAuts
     D:3: 729 daAuts
